 Dungeon Crawl Stone Soup version 0.17.2 (webtiles) character file.

32 Goblin1989 the Insei (level 3, -1/26 HPs)
             Began as a Demonspawn Transmuter on July 5, 2016.
             Slain by an adder (4 damage)
             ... on level 2 of the Dungeon.
             The game lasted 00:02:50 (1086 turns).

Goblin1989 the Insei (Demonspawn Transmuter)        Turns: 1086, Time: 00:02:51

Health: -1/26      AC:  2    Str: 11    XL:     3   Next: 10%
Magic:  2/6        EV: 12    Int: 14    God:
Gold:   61         SH:  0    Dex: 13    Spells: 2 memorised, 3 levels left

rFire  . . .     SeeInvis .       - Unarmed
rCold  . . .     Clarity  .     b - +0 robe
rNeg   . . .     SustAt   .     (no shield)
rPois  .         Gourm    .     (no helmet)
rElec  .         Spirit   .     (no cloak)
rCorr  +         Warding  .     (no gloves)
rMut   .         Stasis   .     (no boots)
MR     .....                    m - amulet of resist corrosion (curse) {rCorr, !d}
Stlth  +.........               (no ring)
                                (no ring)

@: appendage (expiring), very slightly contaminated, not resistant to hostile
enchantments, very unstealthy
A: horns 2, powered by death 1
a: End Transformation


You were on level 2 of the Dungeon.
You were very hungry.
You had grown temporary horns.
You visited 1 branch of the dungeon, and saw 2 of its levels.

You collected 61 gold pieces.

Inventory:

Missiles
 a - 10 arrows
 j - a throwing net {=f, !d}
Armour
 b - a +0 robe (worn)
Jewellery
 m - a cursed amulet of resist corrosion (around neck) {rCorr, !d}
 p - an uncursed ring of see invisible {unknown}
 r - an uncursed ring of invisibility {unknown}
Scrolls
 f - 3 scrolls of remove curse {unknown}
 g - 2 scrolls of identify {unknown}
 i - a scroll of amnesia {unknown}
 n - a scroll of blinking {unknown}
 o - a scroll of enchant weapon {unknown}
 q - a scroll of fog {unknown}
Potions
 e - a potion of heal wounds {unknown}
 k - a potion of curing {unknown}
 l - a potion of invisibility {unknown}
Books
 c - a book of Changes

   Spells                             Type                      Level
   a - Beastly Appendage              Transmutation                1
   b - Sticks to Snakes               Transmutation                2
   c - Spider Form                    Transmutation/Poison         3
   d - Ice Form                       Ice/Transmutation            4
   e - Blade Hands                    Transmutation                5
Comestibles
 d - 3 bread rations
 h - 2 meat rations


   Skills:
 - Level 1.0 Fighting
 - Level 1.7 Dodging
 + Level 3.9 Unarmed Combat
 - Level 2.0 Spellcasting
 - Level 1.7 Transmutations


You had 3 spell levels left.
You knew the following spells:

 Your Spells              Type           Power        Failure   Level  Hunger
a - Beastly Appendage     Trmt           #.....       14%         1    ##.....
b - Sticks to Snakes      Trmt           #.........   21%         2    ###....


Dungeon Overview and Level Annotations

Branches:
Dungeon (2/15)

Altars:


Innate Abilities, Weirdness & Mutations

You regenerate a little health from kills.
You have a pair of horns on your head.


Message History

You barely miss the adder. Your headbutt misses the adder.
You feel less regenerative. The adder bites you.
You take 4 damage, and have 12/26 hp.
You closely miss the adder. The adder misses you.
You closely miss the adder. Your headbutt misses the adder.
The adder closely misses you. The adder bites you.
* * * LOW HITPOINT WARNING * * *
You take 5 damage, and have 7/26 hp.
You miss the adder. Your headbutt misses the adder.
The adder closely misses you.
Unknown command.
You hit the adder but do no damage. The adder closely misses you.
You hit the adder.
Your transformation is almost over.
The adder bites you.
* * * LOW HITPOINT WARNING * * *
You take 4 damage, and have 3/26 hp.
You closely miss the adder. The adder bites you.
You die...

# #.............##. #.
#.#.......##..##.
#.##..........#..##.
#..#.............##)
#......).....#.....
#####............#.†...
.#......#...............
........................
.......@................
#.....S..$.########.<...
............# #.....
.........#..... #.....
.........#.##..# ###...
.........#.# #.. ####
##.......... ##
#........ .


You could see an adder.

Vanquished Creatures
  An adder (D:2)
  A worm (D:2)
  4 giant cockroaches
  4 goblins (D:1)
  A hobgoblin (D:1)
  3 jackals (D:2)
  4 kobolds
  A quokka (D:1)
  4 rats (D:1)
23 creatures vanquished.

Vanquished Creatures (collateral kills)
  A ball python (D:2)
1 creature vanquished.

Grand Total: 24 creatures vanquished

Notes
Turn   | Place    | Note
--------------------------------------------------------------
     0 | D:1      | Goblin1989 the Demonspawn Transmuter began the quest for the Orb.
     0 | D:1      | Reached XP level 1. HP: 15/15 MP: 3/3
   212 | D:1      | Reached skill level 3 in Unarmed Combat
   333 | D:1      | Gained mutation: You regenerate a little health from kills. [demonic ancestry]
   333 | D:1      | Reached XP level 2. HP: 15/21 MP: 3/5
   895 | D:1      | Learned a level 2 spell: Sticks to Snakes
  1002 | D:2      | Reached XP level 3. HP: 26/26 MP: 6/6
  1086 | D:2      | Slain by an adder

Action                   || total
-------------------------++-------
Melee: Unarmed           ||    93
 Cast: Beastly Appendage ||    14
       Sticks to Snakes  ||     2
 Stab: Sleeping          ||     1
